[Event "*** Titled Tuesday 3|2 Blitz"]
[Site "Chess.com"]
[Date "2015.10.06"]
[Round "3"]
[White "HansCoolNiemann"]
[Black "ilmago"]
[Result "1-0"]
[WhiteElo "2110"]
[BlackElo "1885"]
[TimeControl "180+2"]
[EndTime "17:33:46 PDT"]
[Termination "HansCoolNiemann won by resignation"]

1. d4 Nf6 2. c4 g6 3. Nc3 Bg7 4. e4 d6 5. Nf3 O-O 6. Be2 e5 7. dxe5 dxe5 8. Qxd8 Rxd8 9. Bg5 Re8 10. O-O-O c6 11. Nxe5 Nxe4 12. Nxe4 Bxe5 13. Nd6 Bxd6 14. Rxd6 Be6 15. Rhd1 Na6 16. Be3 Nc7 17. b3 Kg7 18.
Kb2 h5 19. Kc3 Bf5 20. Bf3 Re7 21. Bd4+ Kg8 22. Bf6 Re6 23. Rxe6 Nxe6 24. h3 Nc5 25. g4 Ne4+ 26. Bxe4 Bxe4 27. gxh5 gxh5 28. Rd7 Bf5 29. Rxb7 Bxh3 30. Kb4 Bg2 31. Kc5 a5 32. Re7 a4 33. b4 a3 34. Re5 Bf3 35. b5 cxb5 36.
cxb5 Rc8+ 37. Kb4 Rc2 38. Kxa3 Rxf2 39. b6 Rf1 40. Rf5 Rb1 41. Rxf3 Rxb6 42. Ka4 Ra6+ 43. Kb3 Kh7 44. a4 Kg6 45. Bh4 Re6 46. a5 Re4 47.
Bf2 Kg5 48. a6 Re6 49. a7 Ra6 50. Rxf7 h4 51. Rf8 h3 52. a8=Q Rxa8 53. Rxa8 Kg4 54.
Rh8 1-0

[Event "*** Titled Tuesday 3|2 Blitz"]
[Site "Chess.com"]
[Date "2015.10.06"]
[Round "3"]
[White "jcibarra"]
[Black "3f32"]
[Result "1-0"]
[WhiteElo "2489"]
[BlackElo "2274"]
[TimeControl "180+2"]
[EndTime "17:33:50 PDT"]
[Termination "jcibarra won by resignation"]

1. e4 e5 2. Nf3 Nc6 3. Bb5 a6 4.
Bxc6 dxc6 5. O-O Qd6 6. Na3 b5 7. c3 c5 8. Nc2 Bb7 9. a4 c4 10. axb5 axb5 11. Rxa8+ Bxa8 12. Na3 c6 13. b3 cxb3 14.
Qxb3 Nf6 15. d4 Nxe4 16. Nxe5 Qe6 17. c4 Bd6 18. Re1 O-O 19. Rxe4 f6 20. Bf4 fxe5 21. Bxe5 c5 22. d5 Qf5 23. Qe3 Re8 24. Nxb5 Bxe5 25. Nd6 Bxd6 26. Rxe8+ Kf7 27. Qe6+ Qxe6 28. Rxe6 Bc7 29.
Ra6 Bxd5 30. cxd5 Ke7 31. Rc6 Bd6 32. g3 h5 33. h4 1-0

[Event "*** Titled Tuesday 3|2 Blitz"]
[Site "Chess.com"]
[Date "2015.10.06"]
[Round "3"]
[White "josiwales"]
[Black "HubertKnott"]
[Result "0-1"]
[WhiteElo "2051"]
[BlackElo "1979"]
[TimeControl "180+2"]
[EndTime "17:33:54 PDT"]
[Termination "HubertKnott won by resignation"]

1. e4 e5 2. Nf3 Nc6 3. Bb5 a6 4. Ba4 Nf6 5. O-O Be7 6. Re1 b5 7. Bb3 d6 8. c3 O-O 9. h3 Na5 10. Bc2 c5 11. d3 Qc7 12. Be3 Nc6 13. Nbd2 a5 14. Nf1 g6 15. g4 Rd8 16. Ng3 d5 17. exd5 Nxd5 18. d4 Nxe3 19. Rxe3 cxd4 20. cxd4 Nxd4 21. Be4 Bb7 22. Kg2 Bxe4 23. Nxe4 Nc2 24. Qc1 Nxe3+ 25. Qxe3 Rac8 26. g5 Qc2 27. Re1 Bc5 28.
Nxc5 Qxc5 29. Qe4 Qd5 30. Qh4 Re8 31. Re3 Rc5 32. Kg3 e4 33. Nh2 Qe5+ 34. Kg2 Qxg5+ 35. Qxg5 Rxg5+ 36. Ng4 f5 0-1

[Event "*** Titled Tuesday 3|2 Blitz"]
[Site "Chess.com"]
[Date "2015.10.06"]
[Round "3"]
[White "MFBerna"]
[Black "chesstatour"]
[Result "1-0"]
[WhiteElo "2141"]
[BlackElo "1867"]
[TimeControl "180+2"]
[EndTime "17:34:26 PDT"]
[Termination "MFBerna won by checkmate"]

1. e4 c6 2. d4 d5 3. Nc3 dxe4 4. Nxe4 Nf6 5. Ng5 Bf5 6. Bc4 e6 7. N5f3 Nbd7 8. Ne2 Bd6 9. O-O Qc7 10. Ng3 Bg6 11.
Qe2 O-O 12. c3 Rad8 13. Bg5 h6 14. Bh4 Rde8 15. Bd3 Bxd3 16. Qxd3 Nd5 17. Ne4 Bf4 18. c4 Ne7 19. g3 g5 20. gxf4 gxh4 21. Ne5 f5 22.
Nd2 Nxe5 23. fxe5 Ng6 24. Qf3 Kh7 25. Kh1 Rd8 26. Nb3 b6 27. Rg1 c5 28. Qh5 Rg8 29.
Rad1 cxd4 30. Nxd4 Qxc4 31. Nxf5 Rxd1 32. Qxh6# 1-0

[Event "*** Titled Tuesday 3|2 Blitz"]
[Site "Chess.com"]
[Date "2015.10.06"]
[Round "3"]
[White "jbj"]
[Black "wonderfultime"]
[Result "0-1"]
[WhiteElo "2268"]
[BlackElo "2641"]
[TimeControl "180+2"]
[EndTime "17:34:37 PDT"]
[Termination "wonderfultime won by checkmate"]

1. e4 c5 2. d4 cxd4 3. c3 d3 4.
Bxd3 g6 5. c4 Bg7 6. Nf3 Nc6 7.
O-O d6 8. h3 Nf6 9. Nc3 O-O 10.
Be3 Nd7 11. Rc1 Nc5 12. Bb1 b6 13. b3 Bb7 14. Qd2 Rc8 15. Bh6 Qd7 16. Bxg7 Kxg7 17.
Rfd1 Rfd8 18. Nd5 f6 19. Nd4 Nxd4 20. Qxd4 e5 21. Qe3 Bxd5 22. exd5 Qe7 23. f4 a5 24. Rf1 f5 25. fxe5 Qxe5 26. Qg5 h6 27. Qd2 Re8 28. Rce1 Qf6 29. Kh2 Re5 30. g4 Rxe1 31. Qxe1 f4 32. Rf2 Rf8 33. Re2 f3 34. Re7+ Kg8 35. Re8 Qf4+ 36.
Kh1 f2 37. Rxf8+ Kxf8 38. Qf1 Qg3 39. Qg2 Qe3 40. Qf1 Qf3+ 41. Kh2 Kg7 42. Bc2 Kf6 43. Bd1 Qf4+ 44. Kg2 Ne4 45. Qd3 Kg7 46. Bf3 Qg3+ 47. Kf1 Qg1+ 48. Ke2 Qe1# 0-1

[Event "*** Titled Tuesday 3|2 Blitz"]
[Site "Chess.com"]
[Date "2015.10.06"]
[Round "3"]
[White "Canonkasparov"]
[Black "Po6Don"]
[Result "0-1"]
[WhiteElo "2379"]
[BlackElo "2032"]
[TimeControl "180+2"]
[EndTime "17:34:37 PDT"]
[Termination "Po6Don won by resignation"]

1. g3 e5 2. c4 Nc6 3. Bg2 Bc5 4.
Nc3 d6 5. a3 a6 6. e3 Ba7 7. Nge2 Nge7 8. d4 O-O 9. h3 exd4 10.
exd4 Nf5 11. Be3 Re8 12. Qd2 Nxe3 13. fxe3 Qg5 14. Nd5 Be6 15. O-O Bxd5 16. cxd5 Nxd4 17. Nxd4 Qxe3+ 18. Qxe3 Rxe3 19. Nf5 Rxg3+ 20. Kh2 Rb3 21. Rab1 Re8 22. Rfe1 Re5 23. Rxe5 dxe5 24. d6 cxd6 25. Nxd6 Bd4 26. Rc1 g6 27. Rc7 e4 28. Nxf7 e3 29. Bd5 Rxb2+ 30. Kg3 Kf8 31. Ng5 e2 32. Ne6+ Ke8 33.
Nxd4 e1=Q+ 34. Kf4 Rf2+ 35. Nf3 Qd2+ 36. Ke5 Rxf3 37.
Bxf3 Qh2+ 0-1

[Event "*** Titled Tuesday 3|2 Blitz"]
[Site "Chess.com"]
[Date "2015.10.06"]
[Round "3"]
[White "komaromy31"]
[Black "UltimateCrusher2"]
[Result "0-1"]
[WhiteElo "1888"]
[BlackElo "2028"]
[TimeControl "180+2"]
[EndTime "17:34:44 PDT"]
[Termination "UltimateCrusher2 won by resignation"]

1. d4 Nf6 2. c4 e6 3. Nc3 Bb4 4. f3 c5 5. d5 O-O 6. e4 Re8 7. Ne2 d6 8. Be3 a6 9. Ng3 exd5 10. cxd5 b5 11. a3 Ba5 12. Be2 Nbd7 13. O-O Bb6 14. Nf5 c4 15. Bxb6 Qxb6+ 16. Qd4 Nc5 17. Rae1 Bxf5 18.
exf5 Na4 19. Qxb6 Nxb6 20. Ne4 Nxe4 21. fxe4 Rxe4 22. Bf3 Ree8 23. Kf2 f6 24. Re6 Rxe6 25. dxe6 d5 26. Rd1 Rd8 27. e7 Re8 28. Bxd5+ Nxd5 29.
Rxd5 Rxe7 30. Rd8+ Kf7 31. Ra8 Re5 32. g4 Rd5 33.
Ke2 Rd4 34. h3 Rd6 35. Ra7+ Kf8 36. Ra8+ Ke7 37. Ra7+ Rd7 38. Rxa6 Rb7 39. Ke3 b4 40. a4 Rd7 41. Rc6 Rd3+ 42. Ke4 Rxh3 43. Rxc4 Rb3 44.
Kd5 Rxb2 45. Kc5 b3 46. Kb4 h6 47. a5 Rb1 48. Rc7+ Kf8 49. Rc5 b2 50. Kb3 Rc1 0-1

[Event "*** Titled Tuesday 3|2 Blitz"]
[Site "Chess.com"]
[Date "2015.10.06"]
[Round "3"]
[White "LePlusMortel"]
[Black "Viaje"]
[Result "0-1"]
[WhiteElo "2395"]
[BlackElo "2214"]
[TimeControl "180+2"]
[EndTime "17:35:24 PDT"]
[Termination "Viaje won on time"]

1. Nf3 c5 2. g3 Nc6 3. Bg2 e5 4.
c4 g6 5. O-O Bg7 6. Nc3 d6 7.
Ne1 Nge7 8. Nc2 Be6 9. Ne3 O-O 10. h4 h6 11. d3 a6 12. a3 Rb8 13. Rb1 b5 14. Ncd5 f5 15. b4 Nd4 16. Nxe7+ Qxe7 17. Nd5 Qd7 18. e3 Nc6 19. Bd2 Kh8 20. Qc2 bxc4 21.
dxc4 e4 22. Nf4 Bf7 23. h5 g5 24. Ng6+ Bxg6 25. hxg6 Ne5 26. Bc3 Nxg6 27. bxc5 dxc5 28. Rbd1 Qe6 29. Rd5 Rfc8 30. Rfd1 Ne5 31. Bxe5 Bxe5 32. g4 Rb2 33. Rd8+ Rxd8 34. Rxd8+ Kg7 35. Qd1 Qxc4 36.
gxf5 Qb5 37. Bf1 Qc6 38. Rd7+ Kf6 39. Rd8 c4 40. Qh5 Kg7 41. f6+ Qxf6 42. Rd7+ Kf8 0-1

[Event "*** Titled Tuesday 3|2 Blitz"]
[Site "Chess.com"]
[Date "2015.10.06"]
[Round "3"]
[White "steinitz_attack"]
[Black "ChessFrois"]
[Result "1-0"]
[WhiteElo "1788"]
[BlackElo "1812"]
[TimeControl "180+2"]
[EndTime "17:35:35 PDT"]
[Termination "steinitz_attack won by resignation"]

1. Nf3 c5 2. g3 Nc6 3. Bg2 g6 4. d3 Bg7 5. O-O Nf6 6. c3 O-O 7.
e4 d6 8. Nbd2 Bg4 9. h3 Bxf3 10.
Nxf3 Rb8 11. a4 a6 12. Re1 b5 13. d4 Nd7 14. e5 dxe5 15. dxe5 Ncxe5 16. Nxe5 Nxe5 17. Qxd8 Rbxd8 18. axb5 axb5 19. Be3 Nd3 20. Re2 b4 21. cxb4 cxb4 22. Bc1 Rc8 23. Bd2 Bxb2 24. Rb1 Bc3 25. Bxc3 bxc3 26. Rc2 Rfd8 27. Be4 Nb2 28. Bf3 Kg7 29. Kg2 Rd2 30. Rxd2 cxd2 31. Rxb2 Rd8 32. Rb1 e5 33. Rd1 f5 34. Bc6 e4 35. Kf1 Kf6 36.
Ke2 Rd6 37. Ba4 Ke5 38. Rxd2 Ra6 39. Bb3 h6 40. Bf7 g5 41. Rd5+ Kf6 42. Be8 f4 43.
gxf4 gxf4 44. Rd2 Ke5 45. Bb5 Ra3 46. Bc4 Rxh3 47. Rd5+ Ke6 48. Rh5+ Kf6 49. Rxh3 Kg5 50. Ra3 h5 51. Bf7 Kg4 52. Ra4 e3 53. fxe3 1-0

[Event "*** Titled Tuesday 3|2 Blitz"]
[Site "Chess.com"]
[Date "2015.10.06"]
[Round "3"]
[White "gmjlh"]
[Black "Dlugy"]
[Result "0-1"]
[WhiteElo "2622"]
[BlackElo "2563"]
[TimeControl "180+2"]
[EndTime "17:35:44 PDT"]
[Termination "Dlugy won on time"]

1. e4 d5 2. exd5 Qxd5 3. Nc3 Qd6 4. d4 c6 5. g3 Nf6 6. Bg2 g6 7. Nge2 Bg7 8. O-O O-O 9. Bf4 Qd8 10. Qd2 Na6 11.
Rad1 Bf5 12. h3 Nb4 13. Rc1 Nbd5 14. Nxd5 Nxd5 15. Bh6 Re8 16. Bxg7 Kxg7 17. Rfe1 Qb6 18. g4 Bd7 19. c4 Nf6 20. Ng3 Rad8 21. g5 Ng8 22.
Qc3 h6 23. h4 Bg4 24. Re4 h5 25. Rce1 Kh7 26. Rf4 Rf8 27. Be4 Qc7 28. Qe3 Kg7 29.
Bc2 Rfe8 30. Qe4 c5 31. dxc5 e5 32. Rxg4 hxg4 33. h5 Rd4 34. Qxd4 exd4 35. Rxe8 Qxc5 36. h6+ Nxh6 37. gxh6+ Kxh6 38. Bd3 f5 39. Ne2 Kg5 40. Rd8 Qa5 41. Rxd4 Qxa2 42. Rd6 Qxb2 43. Kg2 a5 44.
Nd4 Qa3 45. c5 Kh4 46. Ne6 Qa4 47. Kh2 Qa2 48. Kg1 Qa1+ 49. Kg2 Qb2 50. Rd7 g3 51. Rh7+ Kg4 0-1

[Event "*** Titled Tuesday 3|2 Blitz"]
[Site "Chess.com"]
[Date "2015.10.06"]
[Round "3"]
[White "pKiLz5Rn9b"]
[Black "Iball95"]
[Result "0-1"]
[WhiteElo "2390"]
[BlackElo "2346"]
[TimeControl "180+2"]
[EndTime "17:37:22 PDT"]
[Termination "Iball95 won by resignation"]

1. e4 c5 2. c3 g6 3. d4 cxd4 4. cxd4 d5 5. e5 Bg7 6. Nc3 Nh6 7. h3 O-O 8. g4 Nc6 9. Bg2 Be6 10. Nge2 Kh8 11. Be3 f6 12. Qd2 Nf7 13. Nf4 Qd7 14. Nxe6 Qxe6 15. Bxd5 Qc8 16. e6 Nd6 17. O-O Nd8 18.
Rac1 Nxe6 19. Nb5 Qd7 20. Bxe6 Qxb5 21. Rc5 Qa6 22. Qc2 f5 23. gxf5 Nxf5 24. Bxf5 gxf5 25.
Kh1 Qxa2 26. Rg1 Qe6 27. d5 Qd6 28. b4 b6 29. Rc7 Qxd5+ 30. Rg2 Bf6 31. Rc4 Rg8 32.
f3 Qxf3 33. Qf2 Qxh3+ 34. Rh2 Qg3 35. Qxg3 Rxg3 36. Bf4 Rg4 37. Rf2 Rag8 38. Rc1 Rh4+ 39. Bh2 Be5 40. Rcc2 Rxh2+ 41. Rxh2 Bxh2 42. Kxh2 Rg4 43. Rc7 Rxb4 44. Rxa7 Re4 45. Rb7 Kg7 46. Rxb6 h5 47.
Kg3 e6 48. Kf3 Kf6 49. Rb8 Ra4 50. Rf8+ Ke5 51. Rb8 h4 52. Rb5+ Kf6 53. Rb6 Ra3+ 54. Kf4 Ra4+ 55. Kf3 h3 56. Kg3 Ra3+ 57. Kh2 f4 58. Rb8 e5 59. Rf8+ Ke6 60. Re8+ Kf5 61. Rd8 e4 62. Rf8+ Kg4 63. Re8 Kf3 64. Kxh3 e3 65.
Kh2 Ra2+ 66. Kg1 e2 67. Re7 Ra1+ 0-1

[Event "*** Titled Tuesday 3|2 Blitz"]
[Site "Chess.com"]
[Date "2015.10.06"]
[Round "3"]
[White "Jahonas"]
[Black "Goala"]
[Result "1-0"]
[WhiteElo "2053"]
[BlackElo "2129"]
[TimeControl "180+2"]
[EndTime "17:37:25 PDT"]
[Termination "Jahonas won by resignation"]

1. d4 e6 2. c4 Nf6 3. Nc3 c5 4. d5 exd5 5. cxd5 d6 6. e4 g6 7.
Bb5+ Nbd7 8. Nf3 Bg7 9. O-O a6 10. Bxd7+ Nxd7 11. Bf4 Qe7 12. e5 Nxe5 13. Bxe5 dxe5 14.
d6 Qd8 15. Re1 O-O 16. Nxe5 Be6 17. Nd5 Kh8 18. Nc7 Rc8 19. Rc1 Rxc7 20. dxc7 Qxc7 21. Nc4 b5 22. Ne3 Bxb2 23. Rb1 Bd4 24. Qc2 Kg8 25.
Rbd1 Rd8 26. Rd2 Rd6 27. Red1 Qd7 28. Nf1 Bf5 29. Qc1 c4 30. Ne3 Bd3 31. Nc2 Bc5 32. a3 Rf6 33. Nb4 Bxb4 34. axb4 Qd6 35. Qc3 h5 36. h3 Re6 37. Rxd3 cxd3 38. g3 Re4 39. Rxd3 Qxb4 40. Rd8+ Qf8 41. Rxf8+ Kxf8 42. Qc8+ Kg7 43. Qxa6 b4 44. Qb7 Rd4 45. Qb6 Rc4 46. Qb5 Re4 47. Qd5 f5 48. f3 Re7 49. Qd4+ Kf7 50.
Qxb4 Re6 51. Kf2 Kf6 52. g4 fxg4 53. hxg4 hxg4 54. fxg4 Re5 55. Qf4+ Ke6 56. Kg3 g5 57. Qc4+ Kd6 58. Qa6+ Kd5 59. Kf3 Kc5 60. Qa5+ Kd6 61.
Qb6+ Kd5 62. Qf6 Kd4 63. Qd6+ Rd5 64. Qc6 Re5 65. Qf6 Kd5 66. Qd8+ Ke6 67. Qc8+ Kf6 68.
Qc3 Ke6 69. Qd4 Rd5 70. Qc4 Kd6 71. Ke4 Re5+ 72. Kd4 Re1 73. Qc5+ Kd7 74. Qxg5 Rd1+ 75. Ke5 Rd6 76. Qf5+ Kc6 77. Qe6 Rxe6+ 78. Kxe6 Kc7 79.
Kf7 Kd8 80. g5 1-0

[Event "*** Titled Tuesday 3|2 Blitz"]
[Site "Chess.com"]
[Date "2015.10.06"]
[Round "3"]
[White "IMRosen"]
[Black "GMVallejo"]
[Result "1/2-1/2"]
[WhiteElo "2266"]
[BlackElo "2589"]
[TimeControl "180+2"]
[EndTime "17:39:58 PDT"]
[Termination "Game drawn by agreement"]

1. c4 e5 2. Nc3 Nc6 3. Nf3 Bc5 4. Nxe5 Bxf2+ 5. Kxf2 Nxe5 6. d4 Nxc4 7. e4 Nb6 8. Bd3 Qf6+ 9. Ke1 c6 10. Be3 d6 11. Rf1 Qe7 12. Qf3 Nf6 13. h3 Bd7 14. Kd1 O-O-O 15. Kc2 Rdf8 16. Rae1 Ne8 17. g4 f6 18. Kb1 h6 19. Bf4 Kb8 20. Bg3 Ka8 21. Re2 h5 22. a4 hxg4 23. hxg4 Nc7 24. a5 Nc8 25. Bf2 a6 26. Rg1 Ne6 27. Qe3 Qd8 28.
b4 Ng5 29. Bg3 Qe7 30. Bf4 Nh3 31. Rg3 Nxf4 32. Qxf4 d5 33. exd5 Qxb4+ 34. Rb2 Qxc3 35. Bxa6 Rh1+ 36. Ka2 Qxa5+ 37. Ra3 Ra1+ 38. Kxa1 Qxa3+ 39. Kb1 Nd6 40. Bxb7+ Nxb7 41. Ra2 Qxa2+ 42. Kxa2 cxd5 43.
Qc7 Rd8 44. Qc2 Bxg4 45. Qg6 Be2 46. Qxg7 Bc4+ 47. Kb2 Rd6 48. Qf8+ Ka7 49. Kc3 Rb6 50. Kd2 Ra6 51. Ke3 Re6+ 52. Kd2 Rb6 53. Qa3+ Ra6 54. Qb4 f5 55. Ke3 Re6+ 56. Kf3 Nd6 57. Qc5+ Kb7 58.
Qb4+ Nb5 59. Qf8 Re4 60. Qf7+ Kb6 61. Qf6+ Ka5 62. Qd8+ Ka4 63. Qa8+ Kb4 64. Qf8+ Kb3 65. Kf2 Nxd4 66. Qb8+ Nb5 67. Qc8 f4 68. Qg4 Kb4 69.
Qd1 Kc5 70. Qa1 Nd4 71. Qa5+ Nb5 72. Qa1 Re3 73. Qf6 Re2+ 74. Kf3 Re1 75. Kf2 Rf1+ 76. Kg2 f3+ 77. Kg3 f2 78. Qe7+ Kd4 79. Kf3 Kc3 80.
Qe3+ Kb4 81. Qd2+ Kc5 82. Qe3+ Kc6 83. Qe6+ Kc5 84. Qe7+ Nd6 85. Qc7+ Kd4 86. Qxd6 Kc3 87. Qa3+ Kc2 88. Qa4+ Kb2 89. Qb4+ Kc2 90. Qa4+ Kd2 91.
Qb4+ Kd3 92. Qa3+ Kd2 93. Qb2+ Kd3 94. Qe2+ Kc3 95. Qe3+ Kb4 96. Qb6+ Ka4 97. Qa7+ Kb5 98. Qb7+ Kc5 99. Qe7+ Kc6 100. Qe6+ Kb5 101. Qd7+ Kc5 102. Qe7+ Kb5 103. Qb7+ 1/2-1/2

[Event "*** Titled Tuesday 3|2 Blitz"]
[Site "Chess.com"]
[Date "2015.10.06"]
[Round "4"]
[White "3f32"]
[Black "JustKid"]
[Result "1-0"]
[WhiteElo "2279"]
[BlackElo "2128"]
[TimeControl "180+2"]
[EndTime "17:41:34 PDT"]
[Termination "3f32 won by resignation"]

1. d4 d5 2. c4 e6 3. Nf3 c5 4. cxd5 exd5 5. Nc3 Nc6 6. g3 Nf6 7. Bg2 Be7 8. O-O O-O 9. Bg5 c4 10. Ne5 Be6 11. f4 h6 12. Bxf6 Bxf6 13. f5 Bxe5 14. dxe5 Qb6+ 15. Rf2 Qxb2 16. Rc1 Kh8 17. e4 Nxe5 18.
Rxb2 1-0

[Event "*** Titled Tuesday 3|2 Blitz"]
[Site "Chess.com"]
[Date "2015.10.06"]
[Round "4"]
[White "spirals5"]
[Black "HubertKnott"]
[Result "1-0"]
[WhiteElo "2180"]
[BlackElo "1975"]
[TimeControl "180+2"]
[EndTime "17:44:13 PDT"]
[Termination "spirals5 won by resignation"]

1. e4 e5 2. Nf3 Nc6 3. Bb5 a6 4. Ba4 Nf6 5. d3 d6 6. O-O Be7 7. h3 O-O 8. c4 Bd7 9. Be3 Rb8 10. Nc3 Re8 11. a3 Qc8 12. Re1 Nd8 13. Bxd7 Qxd7 14. d4 exd4 15. Nxd4 g6 16. Qf3 Nc6 17. Nxc6 Qxc6 18.
Nd5 Nxd5 19. cxd5 Qb5 20. Bd4 c5 21. Bc3 Qd7 22. e5 dxe5 23. Rxe5 Bd6 24. Rxe8+ Rxe8 25. Qf6 Kf8 26. Qh8+ 1-0

[Event "*** Titled Tuesday 3|2 Blitz"]
[Site "Chess.com"]
[Date "2015.10.06"]
[Round "4"]
[White "ItalianMachine"]
[Black "LePlusMortel"]
[Result "0-1"]
[WhiteElo "2200"]
[BlackElo "2399"]
[TimeControl "180+2"]
[EndTime "17:44:57 PDT"]
[Termination "LePlusMortel won by resignation"]

1. e4 c5 2. Nc3 Nc6 3. g3 g6 4. Bg2 Bg7 5. Nh3 e6 6. O-O Nge7 7. d3 O-O 8. f4 d6 9. Nf2 b6 10. h3 Bb7 11. Kh2 Qd7 12. g4 f5 13. exf5 gxf5 14.
g5 Ng6 15. Re1 Rae8 16. Ne2 e5 17. Rf1 Nd4 18. c3 Nf3+ 19. Kg3 Nfh4 20. Qb3+ c4 21. Qxc4+ d5 22. Qb3 Nxg2 23. Kxg2 Kh8 24. Kh2 d4 25. cxd4 exd4 26. Ng3 Qc6 27. Rh1 0-1

[Event "*** Titled Tuesday 3|2 Blitz"]
[Site "Chess.com"]
[Date "2015.10.06"]
[Round "4"]
[White "MFBerna"]
[Black "wonderfultime"]
[Result "0-1"]
[WhiteElo "2140"]
[BlackElo "2642"]
[TimeControl "180+2"]
[EndTime "17:46:16 PDT"]
[Termination "wonderfultime won on time"]

1. e4 c5 2. Nf3 d6 3. d4 cxd4 4. Nxd4 Nf6 5. Nc3 g6 6. Be2 Bg7 7. O-O O-O 8. Nb3 Nc6 9. Be3 a6 10. a4 Be6 11. f4 Rc8 12. f5 Bd7 13. Qd2 Ne5 14. Bg5 Rxc3 15. Bxf6 Qb6+ 16. Kh1 Rxc2 17. Qxc2 Bxf6 18. a5 Qb4 19. Ra3 Rc8 20. Qb1 Bc6 21. Rc1 Rb8 22. Bf3 Nc4 23. Qd3 Nxb2 24. Qc2 Qxa3 25.
e5 Bxe5 26. Bxc6 bxc6 27. Nd2 Qd3 28. Qxd3 Nxd3 29. Rxc6 Rb2 0-1

[Event "*** Titled Tuesday 3|2 Blitz"]
[Site "Chess.com"]
[Date "2015.10.06"]
[Round "4"]
[White "Assasin14"]
[Black "steinitz_attack"]
[Result "1-0"]
[WhiteElo "1749"]
[BlackElo "1764"]
[TimeControl "180+2"]
[EndTime "17:46:16 PDT"]
[Termination "Assasin14 won by resignation"]

1. e4 e5 2. Nf3 Nc6 3. Bb5 a6 4. Ba4 Nf6 5. d3 b5 6. Bb3 Bc5 7. O-O O-O 8. Nbd2 d6 9. c3 Bg4 10. Re1 Ne7 11. Nf1 Ng6 12. Be3 Nh4 13. Bxc5 dxc5 14.
N1d2 Qxd3 15. Nxe5 Bxd1 16. Nxd3 Bxb3 17. axb3 Rad8 18.
Re3 c4 19. bxc4 bxc4 20. Nxc4 Nxe4 21. Rxe4 Nxg2 22. Kxg2 Rxd3 23. Rxa6 f5 24. Re7 f4 25. f3 Rd5 26. Rc6 Rc8 27. Rcxc7 1-0

[Event "*** Titled Tuesday 3|2 Blitz"]
[Site "Chess.com"]
[Date "2015.10.06"]
[Round "4"]
[White "Dlugy"]
[Black "LyonBeast"]
[Result "0-1"]
[WhiteElo "2558"]
[BlackElo "2714"]
[TimeControl "180+2"]
[EndTime "17:46:46 PDT"]
[Termination "LyonBeast won by resignation"]

1. d4 Nf6 2. Bf4 d6 3. Nf3 g6 4. e3 Bg7 5. h3 b6 6. Be2 Bb7 7. O-O O-O 8. c3 Nbd7 9. Bh2 Ne4 10. Nbd2 Nxd2 11. Nxd2 e5 12. Bf3 Qc8 13. Bxb7 Qxb7 14.
Qf3 Rab8 15. Qxb7 Rxb7 16. Rfd1 b5 17. dxe5 Nxe5 18. Bxe5 Bxe5 19. Nf3 Bf6 20. Nd4 a5 21. Rd2 a4 22. Rc1 Rfb8 23. Nc6 Ra8 24. a3 Ra6 25.
Nb4 Ra8 26. Nd5 Kg7 27. Nxf6 Kxf6 28. Rd4 Ra6 29. Rcd1 Rc6 30. Kf1 Rc5 31. Ke2 Ke6 32. g4 Rb8 33. f4 Rc4 34. Kf3 Rxd4 35. Rxd4 c5 36. Rd2 f5 37. e4 fxe4+ 38. Kxe4 Rf8 39.
h4 d5+ 40. Rxd5 Rxf4+ 41. Kxf4 Kxd5 42. Kg5 Kc4 43. Kh6 Kb3 44. Kxh7 Kxb2 45. h5 gxh5 46.
gxh5 Kxa3 47. h6 Kb3 48. Kg6 a3 49. h7 a2 50. h8=Q a1=Q 51. Qg8+ c4 52. Qd5 Qa6+ 53. Kf5 Kxc3 54. Qe5+ Kb3 55. Qe3+ c3 56. Qe6+ Qxe6+ 0-1

[Event "*** Titled Tuesday 3|2 Blitz"]
[Site "Chess.com"]
[Date "2015.10.06"]
[Round "4"]
[White "chesstatour"]
[Black "simplerXiao"]
[Result "1/2-1/2"]
[WhiteElo "1874"]
[BlackElo "2426"]
[TimeControl "180+2"]
[EndTime "17:46:49 PDT"]
[Termination "Game drawn by repetition"]

1. d4 Nf6 2. c4 g6 3. Nc3 Bg7 4. e4 d6 5. f4 O-O 6. Nf3 c5 7. d5 e6 8. dxe6 Bxe6 9. Bd3 Nc6 10. O-O Re8 11. f5 Bc8 12. Bg5 Qa5 13. Bxf6 Bxf6 14. Nd5 Bxb2 15. fxg6 hxg6 16. Ng5 Be6 17. Qf3 Rf8 18. Rab1 Bd4+ 19. Kh1 Ne5 20. Ne7+ Kg7 21.
Qf6+ Kh6 22. Qf4 Kg7 23. Qf6+ Kh6 24. Qf4 Kg7 25. Qf6+ 1/2-1/2

[Event "*** Titled Tuesday 3|2 Blitz"]
[Site "Chess.com"]
[Date "2015.10.06"]
[Round "4"]
[White "zmaj23"]
[Black "dsanchez1973"]
[Result "1-0"]
[WhiteElo "2316"]
[BlackElo "1963"]
[TimeControl "180+2"]
[EndTime "17:46:56 PDT"]
[Termination "zmaj23 won by checkmate"]

1. e4 e6 2. d4 d5 3. Nc3 Bb4 4. e5 c5 5. a3 cxd4 6. Qxd4 Nc6 7. Bb5 Ba5 8. Nf3 Ne7 9. Qg4 Bd7 10. Qxg7 Rg8 11. Qxh7 Bxc3+ 12. bxc3 Qa5 13. Rb1 O-O-O 14. Bd2 Qxa3 15. O-O Nf5 16. Bxc6 Bxc6 17. Qxf7 Rde8 18. Rb3 Qc5 19. Rfb1 b6 20. Qxa7 Rxg2+ 21. Kxg2 Rg8+ 22. Bg5 d4 23. Qa6+ Bb7 24. Qd3 Rxg5+ 25. Kf1 Rh5 26. Rxb6 Bxf3 27. Rb8+ Kc7 28. Qxf3 Qc4+ 29. Kg1 Rg5+ 30.
Kh1 Nh4 31. R1b7# 1-0

[Event "*** Titled Tuesday 3|2 Blitz"]
[Site "Chess.com"]
[Date "2015.10.06"]
[Round "4"]
[White "Po6Don"]
[Black "jbj"]
[Result "0-1"]
[WhiteElo "2007"]
[BlackElo "2276"]
[TimeControl "180+2"]
[EndTime "17:47:08 PDT"]
[Termination "jbj won on time"]

1. e4 e6 2. d4 d5 3. e5 c5 4. Nf3 Nc6 5. Bd3 cxd4 6. O-O Qc7 7. Re1 f6 8. Bf4 f5 9. Nbd2 Nge7 10. h4 Bd7 11. a3 Ng6 12. Bh2 Be7 13. h5 Nh4 14.
Nxh4 Bxh4 15. Bxf5 Bxf2+ 16. Kxf2 O-O 17. Nf3 Rxf5 18. h6 gxh6 19. Kg1 Qb6 20. Kh1 Raf8 21. b4 Be8 22. Qd2 Kg7 23. Rf1 Bh5 24. Qd3 a6 25. Nd2 Rxf1+ 26. Rxf1 Rxf1+ 27. Nxf1 Bg6 28. Qf3 Qd8 29. Qf2 Qf8 30. Qe2 Qf5 31. Ng3 Qxc2 32.
Nh5+ Kf7 33. Qf3+ Qf5 34. Nf6 Qxf3 35. gxf3 d3 36. Bf4 Nxe5 0-1

[Event "*** Titled Tuesday 3|2 Blitz"]
[Site "Chess.com"]
[Date "2015.10.06"]
[Round "4"]
[White "Tal-Baronfew"]
[Black "Mornar1951"]
[Result "0-1"]
[WhiteElo "2737"]
[BlackElo "2620"]
[TimeControl "180+2"]
[EndTime "17:47:16 PDT"]
[Termination "Mornar1951 won by checkmate"]

1. d4 Nf6 2. c4 e6 3. Nc3 Bb4 4.
f3 c5 5. d5 O-O 6. e4 d6 7. Ne2 exd5 8. cxd5 Nh5 9. g4 Qh4+ 10.
Kd2 Nf6 11. Qe1 Qxe1+ 12. Kxe1 b5 13. Kf2 a6 14. a4 bxa4 15. Nxa4 Nbd7 16. Ng3 g6 17. h4 Rb8 18. h5 Ne5 19. Be2 c4 20. Be3 Bd7 21. g5 Nxh5 22. Nxh5 gxh5 23. Rxh5 f6 24. f4 Bg4 25. Bxg4 Nxg4+ 26. Kf3 Nxe3 27. Kxe3 fxg5 28. Rxg5+ Kh8 29. e5 dxe5 30. fxe5 Ba5 31.
Ke4 Bd2 32. Rh5 Rf4# 0-1

[Event "*** Titled Tuesday 3|2 Blitz"]
[Site "Chess.com"]
[Date "2015.10.06"]
[Round "4"]
[White "pKiLz5Rn9b"]
[Black "cheese111"]
[Result "1-0"]
[WhiteElo "2393"]
[BlackElo "2157"]
[TimeControl "180+2"]
[EndTime "17:47:18 PDT"]
[Termination "pKiLz5Rn9b won by resignation"]

1. e4 e5 2. Nf3 Nc6 3. Bc4 Nf6 4. d3 Be7 5. O-O O-O 6. Re1 d6 7. Nc3 Be6 8. a4 h6 9. b3 Bg4 10. h3 Bxf3 11. Qxf3 Nd4 12. Qd1 c6 13. Be3 d5 14.
exd5 cxd5 15. Bxd4 exd4 16. Nxd5 Nxd5 17. Bxd5 Bb4 18.
Re5 Qc7 19. Qe2 Rac8 20. Bc4 a6 21. Rf1 Bc5 22. f4 Bd6 23. Re4 Qd7 24. a5 Qc7 25. f5 Qxa5 26. f6 g6 27. Qg4 Kh7 28. Bxf7 Qh5 29.
Qd7 Rc7 30. Bxg6+ 1-0

[Event "*** Titled Tuesday 3|2 Blitz"]
[Site "Chess.com"]
[Date "2015.10.06"]
[Round "4"]
[White "Viaje"]
[Black "HansCoolNiemann"]
[Result "1-0"]
[WhiteElo "2223"]
[BlackElo "2104"]
[TimeControl "180+2"]
[EndTime "17:47:26 PDT"]
[Termination "Viaje won by checkmate"]

1. d4 Nf6 2. c4 g6 3. Nc3 d5 4.
cxd5 Nxd5 5. e4 Nxc3 6. bxc3 Bg7 7. Nf3 c5 8. Rb1 O-O 9. Be2 cxd4 10. cxd4 Qa5+ 11.
Bd2 Qxa2 12. O-O b6 13. Qc1 Bb7 14. Bc4 Qa4 15. Bb5 Qa2 16. Bc4 Qa4 17. Bb5 Qa2 18. Re1 Rc8 19. Qd1 Qc2 20. Qe2 Qc7 21. h4 Nc6 22.
Qe3 a6 23. Bd3 b5 24. h5 Rd8 25. d5 Ne5 26. Nxe5 Qxe5 27. h6 Bh8 28. Rec1 Rdc8 29.
Qb6 Rab8 30. Rxc8+ Rxc8 31. Qxb7 Qc7 32. Qxc7 Rxc7 33.
Rc1 Rxc1+ 34. Bxc1 Bc3 35. Kf1 Kf8 36. Ke2 Ke8 37.
Kd1 Kd7 38. Kc2 Be1 39. Be3 Kd6 40. Kb3 Ba5 41. f3 f6 42. e5+ fxe5 43. Bxg6 e6 44. Bxh7 Ke7 45. dxe6 Kf6 46. Bg8 Bd8 47. h7 Kg7 48. Bc5 Bf6 49. e7 Bxe7 50. Bxe7 a5 51. Bd6 a4+ 52. Kb4 a3 53. Bxe5+ Kf8 54. h8=Q a2 55.
Bf6 a1=Q 56. Be6# 1-0